 Dungeon Crawl Stone Soup version 0.30-a0-824-g6c64550be9 (webtiles) character file.

Game seed: 12901147050162609238

14 sircluck the Sneak (level 2, -3/29 HPs)
             Began as a Troll Delver on Feb 27, 2023.
             Slain by a gnoll
             ... wielding a +0 club
              (6 damage)
             ... on level 5 of the Dungeon.
             The game lasted 00:00:15 (91 turns).

sircluck the Sneak (Troll Delver)                     Turns: 91, Time: 00:00:16

Health: -3/29      AC:  4    Str: 19    XL:     2   Next: 31%
Magic:  1/1        EV:  9    Int:  6    God:
Gold:   30         SH:  0    Dex: 11    Spells: 1/1 levels left

rFire   . . .      SeeInvis .      - Unarmed
rCold   . . .      Faith    .    (no shield)
rNeg    . . .      Spirit   .    a - +0 robe
rPois   .          Reflect  .    (helmet restricted)
rElec   .          Harm     .    (no cloak)
rCorr   .          Rampage  .    (gloves unavailable)
Will    .....                    (boots unavailable)
Stlth   ++                       (no amulet)
HPRegen 1.04/turn                (no ring)
MPRegen 0.07/turn                (no ring)

@: no status effects
A: large, unfitting armour, claws 3, regeneration 1, shaggy fur 1, tough skin 1
a: no special abilities


You were on level 5 of the Dungeon.
You visited 1 branch of the dungeon, and saw 1 of its levels.

You collected 30 gold pieces.

Inventory:

Missiles
 h - 6 stones (quivered)
Armour
 a - a +0 robe (worn)
Wands
 f - a wand of digging (3)
Scrolls
 b - a scroll of fog
 c - a scroll of magic mapping
 d - a scroll of fear
 g - a scroll of teleportation {unknown}
Potions
 e - a potion of haste


   Skills:
 + Level 2.5 Fighting
 + Level 1.6 Dodging
 + Level 3.0 Stealth
 + Level 2.1 Unarmed Combat


You had one spell level left.
You didn't know any spells.
Your spell library was empty.

Dungeon Overview and Level Annotations

Branches:
Dungeon (5/15)
 Temple: D:4-7

Altars:


Innate Abilities, Weirdness & Mutations

You are too large for most types of armour.
You have claws for hands.
Your natural rate of healing is unusually fast.
You are covered in fur. (AC +1)
You have tough skin. (AC +1)


Message History

The gnoll hits you with a +0 whip.
You barely miss the gnoll. The gnoll completely misses you.
A gnoll comes into view. It is wielding a +0 flail.
The gnoll hits you from afar with a +0 spear.
You barely miss the gnoll.
The gnoll hits you from afar with a +0 spear.
You claw the gnoll!
The gnoll is severely wounded.
The gnoll misses you. The gnoll hits you with a +0 club.
The gnoll closely misses you.
You barely miss the gnoll.
The gnoll is severely wounded.
The gnoll hits you with a +0 whip.
The gnoll hits you from afar with a +0 spear.
* * * LOW HITPOINT WARNING * * *
You are too injured to fight recklessly!
You are too injured to fight recklessly!
You are too injured to fight recklessly!
You are too injured to fight recklessly!
You are too injured to fight recklessly!
You are too injured to fight recklessly!
You are too injured to fight recklessly!
You are too injured to fight recklessly!
You are too injured to fight recklessly!
You are too injured to fight recklessly!
You are too injured to fight recklessly!
You are too injured to fight recklessly!
You are too injured to fight recklessly!
You are too injured to fight recklessly!
You barely miss the gnoll.
The gnoll is severely wounded.
The gnoll hits you from afar with a +0 spear.
* * * LOW HITPOINT WARNING * * *
The gnoll hits you with a +0 club.
* * * LOW HITPOINT WARNING * * *
The gnoll closely misses you. The gnoll hits you with a +0 whip.
* * * LOW HITPOINT WARNING * * *
The gnoll hits you with a +0 club.
You die...

........... ..........
.......... #.........
.# #.g.......
...######.g.......
##### #.........)......
... ##.......g.g# #.###
#.........@.# ###...#
............# #......
.#..........### #......
#[###.###.###.##
#...... .............##
#...... #.###.###.##..#
#...... #.......?...#.#
.#...... ...
#.###.##...####.#......
.# #.. ...
#.#.##...#).....


You could see 4 gnolls.

Vanquished Creatures
  An ufetubus (D:5)
  A dart slug (D:5)
  3 orcs (D:5)
5 creatures vanquished.

Notes
Turn   | Place    | Note
-------+----------+-------------------------------------------
     0 | D:5      | sircluck the Troll Delver began the quest for the Orb.
     0 | D:5      | Reached XP level 1. HP: 22/22 MP: 0/0
    77 | D:5      | Reached skill level 3 in Stealth
    77 | D:5      | Reached XP level 2. HP: 26/29 MP: 1/1
    91 | D:5      | Slain by a gnoll

Illustrated notes

Levels and vault maps discovered:
D:5:      lemuel_ice_spiral_2, layout_basic, lemuel_round_altar,
          nicolae_ossuary_entry_giza, nicolae_concentric_dashed_squares_mild

Skill      XL: |  1 |
---------------+----+-----
Stealth        | 3 |  3.0
Fighting       | |  2.5
Dodging        | |  1.6
Unarmed Combat | |  2.1

Action                     || total
---------------------------++-------
  Melee: Unarmed           ||    19
  Throw: Stone             ||     1
 Armour: Robe              ||     4
  Dodge: Dodged            ||     7

Table legend: (Time is in decaauts)
 A = Elapsed time spent in this place.
 B = Non-inter-level travel time spent in this place.
 C = Inter-level travel time spent in this place.
 D = Time resting spent in this place.
 E = Time spent auto-exploring this place.
 F = Levels seen in this place.
 G = Mean time per level.
                   A        B        C        D        E       F      G
               +--------+--------+--------+--------+--------+-----+--------+
         Total |     90 |     90 |      0 |      0 |     48 |   1 |   90.0 |
       Dungeon |     90 |     90 |      0 |      0 |     48 |   1 |   90.0 |
               +--------+--------+--------+--------+--------+-----+--------+

Top non-repeatable levels by time:
     D:5: 90 daAuts
